Map: Emerald City LE

Players

qqq

  • Race: Zerg Zerg
  • Spawn Location: 11:00

Massa

  • Race: Terran Terran
  • League: Platinum
  • Spawn Location: 11:00

Silver - Winner!

  • Race: Protoss Protoss
  • Spawn Location: 5:00

HarDDD - Winner!

  • Race: Protoss Protoss
  • Spawn Location: 5:00

VOD

Have the link to the VOD?

Description

Time

  • Played on: Jan. 30, 2021, 12:26 p.m.
  • Length: 13:41
Show
View Real Time Build Order
Export as new Build Order

qqq Zerg 

Build Orders: Hatch First 

Get SALT Encoding   

  12  0:00  Drone  
  13  0:12  Drone  
  14  0:22  Overlord  
  14  0:47  Hatchery  
  14  0:49  Drone  
  14  0:53  Drone  
  15  0:57  Drone  
  15  1:04  Drone  
  17  1:27  Drone  
  17  1:28  Extractor, Drone, Spawning Pool  
  17  1:39  Drone  
  18  1:45  Drone  
  19  2:06  Hatchery  
  19  2:07  Drone  
  19  2:12  Drone, Overlord  
  20  2:15  Drone  
  21  2:24  Drone  
  21  2:27  Overlord  
  22  2:31  Zergling x2  
  22  2:33  Drone  
  24  2:39  Queen  
  24  2:42  Zergling x2  
  27  2:45  Drone  
  27  2:49  Zergling x2  
  29  2:53  Metabolic Boost  
  29  2:57  Drone  
  30  2:59  Zergling x2  
  31  3:07  Drone  
  32  3:14  Zergling x2  
  32  3:17  Queen  
  32  3:19  Queen  
  35  3:21  Drone  
  35  3:23  Zergling x2  
  39  3:28  Zergling x2  
  39  3:30  Zergling x2  
  39  3:31  Zergling x2  
  42  3:35  Zergling x2  
  42  3:38  Zergling x2  
  44  3:43  Zergling x2  
  44  3:45  Zergling x2  
  44  3:47  Drone  
  47  3:53  Queen, Evolution Chamber  
  48  4:00  Zergling x2, Overlord  
  48  4:01  Zergling x2  
  50  4:10  Overlord x2  
  50  4:30  Zergling x10  
  50  4:31  Drone, Zergling x2  
  55  4:32  Drone x3  
  55  4:37  Queen  
  56  4:55  Zergling x8  
  56  4:56  Zergling x8  
  56  4:59  Queen  
  58  5:14  Drone  
  58  5:15  Zergling x4  
  58  5:16  Drone, Zergling x4  
  58  5:18  Zerg Melee Weapons Level 1  
  63  5:35  Queen  
  65  5:43  Spore Crawler  
  64  5:57  Zergling x2  
  64  5:58  Zergling x10  
  64  5:59  Drone  
  64  6:00  Drone x2  
  73  6:11  Queen  
  60  6:21  Zergling x4  
  56  6:25  Zergling x2  
  56  6:26  Zergling x2  
  54  6:51  Drone x3  
  54  6:53  Lair  
  57  6:59  Extractor  
  57  7:00  Spore Crawler  
  53  7:06  Drone  
  53  7:07  Extractor  
  53  7:09  Extractor  
  53  7:10  Spore Crawler  
  49  7:18  Hatchery  
  49  7:19  Hatchery  
  45  7:28  Hatchery, Drone x3, Spore Crawler  
  46  7:31  Drone  
  46  7:32  Drone x2  
  49  7:41  Drone x5  
  49  7:43  Zergling x2  
  55  7:44  Zergling x2  
  56  7:58  Zergling x8  
  53  8:11  Spire  
  53  8:12  Drone, Infestation Pit  
  52  8:16  Drone  
  52  8:17  Drone x4  
  57  8:22  Spore Crawler  
  56  8:29  Overlord x3  
  56  8:34  Extractor  
  56  8:36  Drone x2  
  56  8:37  Extractor  
  56  8:40  Zergling x8  
  60  8:42  Drone x3  
  60  8:43  Queen  
  65  8:55  Overseer  
  65  8:57  Hive  
  65  8:59  Drone x3  
  65  9:01  Pneumatized Carapace  
  65  9:02  Overlord  
  68  9:03  Zergling x8  
  68  9:08  Drone x3  
  75  9:12  Drone  
  75  9:13  Drone  
  77  9:22  Mutalisk x6  
  89  9:25  Mutalisk  
  89  9:28  Drone x2  
  89  9:29  Drone  
  94  9:36  Drone x4  
  94  9:38  Corruptor  
  100  9:40  Corruptor  
  102  9:50  Corruptor x2  
  102  9:51  Corruptor  
  108  9:56  Zerg Flyer Armor Level 1  
  108  9:57  Drone  
  108  9:59  Overlord  
  109  10:00  Overlord  
  109  10:02  Overlord  
  109  10:08  Spire  
  109  10:09  Drone  
  109  10:10  Overlord  
  109  10:19  Drone x5  
  109  10:20  Drone x3  
  117  10:25  Overseer  
  117  10:30  Drone  
  117  10:31  Drone x3  
  121  10:38  Corruptor x2  
  121  10:39  Viper  
  128  10:48  Spine Crawler, Spore Crawler  
  128  10:49  Extractor, Spine Crawler  
  124  10:50  Extractor  
  124  10:53  Drone x3  
  124  10:54  Drone x3  
  124  10:55  Corruptor x2  
  133  11:09  Hatchery  
  132  11:13  Overlord x6  
  132  11:20  Zerg Flyer Weapons Level 1  
  132  11:25  Drone  
  133  11:26  Overlord x2  
  133  11:36  Corruptor  
  133  11:37  Corruptor  
  132  11:43  Drone x7  
  132  11:44  Drone x2  
  140  11:56  Viper x2  
  140  11:58  Corruptor x3  
  140  11:59  Drone x2  
  154  12:17  Drone x4  
  158  12:26  Extractor x2  
  158  12:27  Corruptor  
  158  12:28  Corruptor x5  
  117  12:54  Corruptor x4  
  117  12:55  Corruptor  
  95  13:08  Corruptor x2  
  79  13:23  Drone x5  
  79  13:24  Drone  
Show
View Real Time Build Order
Export as new Build Order

Massa Terran 

Build Orders:  

Get SALT Encoding   

  12  0:00  SCV  
  13  0:12  SCV  
  14  0:22  Supply Depot  
  14  0:24  SCV  
  15  0:43  Refinery  
  15  0:44  SCV  
  15  0:45  Barracks  
  16  0:56  SCV  
  17  1:08  SCV  
  18  1:20  SCV  
  19  1:33  Command Center  
  19  1:36  SCV  
  20  1:44  Supply Depot  
  20  1:45  Marine  
  21  1:52  SCV  
  22  2:02  Barracks  
  22  2:11  Barracks Tech Lab  
  22  2:19  Barracks  
  22  2:30  Orbital Command  
  22  2:35  Marine  
  23  2:49  Orbital Command  
  23  2:51  Marine  
  23  2:53  Marine  
  25  2:58  Stimpack  
  25  3:09  Marine  
  26  3:14  Marine  
  26  3:15  Marine  
  26  3:16  SCV x2  
  30  3:28  SCV x2  
  30  3:29  Engineering Bay  
  32  3:34  Marine  
  32  3:35  Marauder  
  32  3:38  Marine  
  36  3:42  SCV x2  
  38  3:52  Marine  
  38  3:54  SCV x2  
  41  3:55  Marine  
  41  3:56  Marauder  
  41  4:01  Supply Depot  
  44  4:06  SCV x2  
  46  4:22  Marine x2  
  46  4:23  Marauder, Factory  
  50  4:38  Combat Shield  
  45  4:40  Marine x2  
  45  4:44  Marauder  
  48  4:58  Marine x2  
  46  5:05  Marauder  
  46  5:13  Factory Tech Lab  
  46  5:14  Barracks  
  46  5:15  Barracks  
  46  5:16  Marine x2  
  46  5:17  Missile Turret  
  48  5:22  Missile Turret  
  48  5:23  Terran Infantry Weapons Level 1  
  48  5:24  Refinery  
  48  5:27  Starport  
  43  5:39  Marine x3  
  42  5:54  Refinery  
  42  5:56  Marine  
  42  5:57  Marine  
  42  6:01  Marine x2  
  42  6:02  Marine  
  42  6:03  Supply Depot  
  47  6:08  Concussive Shells  
  47  6:10  Cyclone  
  50  6:14  Marine x2  
  52  6:19  Marine x2  
  54  6:27  Supply Depot  
  54  6:38  Marauder, Marine  
  54  6:39  Marine x2  
  60  6:43  Siege Tank  
  60  6:44  Barracks Tech Lab  
  62  6:50  Supply Depot  
  62  6:52  Supply Depot  
  62  6:53  Supply Depot  
  62  6:56  Refinery, Marine  
  62  6:57  Marine  
  62  6:59  Marauder  
  67  7:03  Marauder  
  67  7:07  Barracks Tech Lab  
  68  7:14  Marine  
  68  7:15  Siege Tank, Supply Depot  
  72  7:20  Viking  
  74  7:28  Marine  
  76  7:30  Barracks Reactor  
  76  7:31  Marine x2  
  76  7:32  Marine  
  75  7:46  Marine  
  75  7:49  Marine  
  66  7:56  Marine  
  66  7:57  Marine  
  63  8:04  Marine  
  61  8:06  Marine  
  62  8:14  Marine  
  62  8:15  Marine x3  
  66  8:22  Marine  
  66  8:24  Marine  
  66  8:26  SCV x2  
  70  8:32  Marine x2  
  70  8:33  Marine  
  73  8:38  SCV x2  
  73  8:40  Marauder  
  77  8:43  Starport Tech Lab  
  77  8:48  Command Center  
  77  8:50  SCV x2  
  79  8:59  Terran Infantry Armor Level 1  
  79  9:03  Armory  
  79  9:09  Raven, Engineering Bay, Supply Depot  
  81  9:15  Siege Tank  
  84  9:18  Marauder x3, Marine x3  
  93  9:32  Supply Depot  
  93  9:35  SCV  
  93  9:36  SCV, Marine x3  
  98  9:39  Marauder x2  
  98  9:40  Marauder  
  104  9:47  Siege Tank  
  104  9:48  SCV x2  
  109  9:54  Medivac, Supply Depot  
  109  9:58  Supply Depot  
  111  10:00  SCV x2  
  111  10:01  Marauder, Supply Depot  
  111  10:02  Terran Infantry Weapons Level 2  
  115  10:09  Planetary Fortress  
  115  10:12  SCV x2  
  117  10:22  Marauder x3  
  117  10:24  SCV x2  
  117  10:25  Siege Tank, Supply Depot  
  128  10:33  Medivac  
  130  10:36  SCV x2  
  130  10:41  Terran Vehicle Weapons Level 1  
  132  10:48  SCV x2  
  132  10:49  Supply Depot  
  134  10:58  Refinery  
  134  11:00  Refinery, SCV x2  
  136  11:06  SCV  
  136  11:10  Siege Tank  
  140  11:12  SCV x2  
  142  11:19  SCV  
  142  11:21  Smart Servos  
  142  11:24  SCV x2, Factory  
  145  11:31  SCV  
  146  11:48  Thor  
  146  11:54  Command Center  
  152  11:58  Marine  
  153  12:08  Factory Reactor  
  153  12:13  Raven  
  155  12:17  Barracks Reactor  
  155  12:19  Starport  
  155  12:22  Starport  
  155  12:31  Thor  
  120  12:54  Marauder x3, Marine x3  
  118  13:01  Marine  
  118  13:03  Widow Mine x2  
  92  13:13  Marine x3  
  92  13:15  Marauder x3  
  92  13:19  Marine  
Show
View Real Time Build Order
Export as new Build Order

Silver Protoss - Winner!

Build Orders: Phoenix Opening 

Get SALT Encoding   

  12  0:00  Probe  
  13  0:13  Probe  
  14  0:20  Pylon  
  14  0:25  Probe  
  15  0:38  Probe (Chrono Boost)  
  15  0:39  Gateway  
  16  0:47  Probe (Chrono Boost), Assimilator  
  17  0:52  Probe (Chrono Boost)  
  17  0:55  Assimilator  
  18  1:04  Probe (Chrono Boost)  
  19  1:13  Probe (Chrono Boost)  
  20  1:18  Probe (Chrono Boost)  
  20  1:23  Pylon  
  21  1:27  Cybernetics Core  
  21  1:30  Probe  
  22  1:42  Probe  
  23  2:03  Nexus, Adept  
  23  2:06  Probe (Chrono Boost)  
  26  2:10  Warp Gate  
  27  2:16  Probe (Chrono Boost)  
  27  2:21  Probe (Chrono Boost)  
  28  2:25  Pylon  
  28  2:32  Probe  
  29  2:37  Stargate  
  29  2:44  Probe  
  29  2:49  Zealot  
  32  2:56  Probe  
  33  3:01  Shield Battery  
  33  3:07  Stargate  
  33  3:11  Probe (Chrono Boost)  
  34  3:16  Probe (Chrono Boost)  
  34  3:18  Sentry  
  37  3:25  Probe x2 (Chrono Boost), Phoenix  
  41  3:30  Probe (Chrono Boost)  
  41  3:33  Probe  
  43  3:42  Probe  
  43  3:47  Probe  
  45  3:49  Assimilator  
  45  3:50  Pylon  
  49  4:02  Probe x2, Void Ray (Chrono Boost)  
  51  4:05  Assimilator  
  51  4:12  Void Ray (Chrono Boost)  
  51  4:14  Probe  
  56  4:23  Pylon  
  56  4:26  Pylon  
  56  4:30  Adept  
  58  4:50  Pylon  
  56  4:53  Adept  
  54  5:06  Void Ray x2 (Chrono Boost)  
  52  5:09  Gateway  
  52  5:11  Forge  
  52  5:12  Pylon  
  60  5:15  Zealot  
  62  5:36  Zealot  
  62  5:39  Shield Battery  
  62  5:40  Void Ray (Chrono Boost)  
  68  5:53  Probe x2  
  68  5:55  Shield Battery  
  70  5:57  Photon Cannon, Void Ray (Chrono Boost)  
  70  5:58  Photon Cannon  
  70  6:02  Zealot  
  71  6:15  Probe x2  
  71  6:24  Phoenix  
  73  6:27  Probe x2  
  75  6:37  Phoenix  
  75  6:39  Probe  
  78  6:41  Gateway, Pylon  
  78  6:59  Probe  
  79  7:02  Pylon x2  
  79  7:03  Protoss Shields Level 1  
  77  7:31  Robotics Facility  
  77  7:33  Probe, Gateway  
  77  7:34  Probe  
  79  7:39  Void Ray x2  
  79  7:46  Probe x2  
  79  7:48  Nexus  
  79  7:49  Pylon  
  85  7:52  Pylon  
  81  8:07  Fleet Beacon  
  81  8:10  Pylon  
  81  8:15  Cybernetics Core  
  81  8:16  Void Ray, Zealot  
  81  8:17  Protoss Air Weapons Level 1 (Chrono Boost)  
  81  8:19  Observer  
  84  8:21  Probe x2  
  89  8:30  Phoenix  
  89  8:33  Probe x2  
  93  8:45  Probe  
  93  8:46  Probe  
  93  8:47  Photon Cannon  
  95  8:50  Photon Cannon  
  95  8:51  Photon Cannon  
  95  8:55  Photon Cannon, Phoenix  
  95  8:57  Probe  
  95  8:58  Probe, Photon Cannon  
  95  8:59  Carrier, Shield Battery  
  95  9:02  Probe, Shield Battery  
  107  9:10  Probe x2  
  106  9:22  Assimilator  
  106  9:24  Assimilator  
  106  9:26  Carrier  
  112  9:40  Protoss Air Armor Level 1 (Chrono Boost)  
  112  10:02  Pylon, Nexus  
  112  10:03  Carrier, Pylon  
  112  10:06  Pylon  
  118  10:07  Photon Cannon  
  118  10:17  Flux Vanes  
  118  10:18  Mothership (Chrono Boost)  
  128  10:30  Photon Cannon  
  128  10:31  Probe x2 (Chrono Boost)  
  128  10:32  Photon Cannon  
  128  10:35  Photon Cannon  
  128  10:36  Shield Battery  
  128  10:38  Probe x2 (Chrono Boost)  
  130  10:48  Twilight Council  
  130  10:50  Gateway  
  130  10:57  Protoss Air Weapons Level 2 (Chrono Boost)  
  130  11:01  Carrier (Chrono Boost)  
  130  11:02  Pylon  
  136  11:11  Probe x2  
  138  11:14  Photon Cannon  
  138  11:16  Pylon  
  138  11:20  Photon Cannon  
  138  11:23  Photon Cannon, Shield Battery  
  141  11:26  Tempest (Chrono Boost), Assimilator  
  141  11:28  Probe x2 (Chrono Boost)  
  141  11:29  Probe (Chrono Boost)  
  146  11:33  Assimilator  
  146  11:37  Probe (Chrono Boost)  
  146  11:38  Stargate  
  147  11:50  Stargate  
  147  11:56  Photon Cannon  
  147  11:57  Tempest  
  147  11:58  Probe, Photon Cannon  
  153  12:02  Photon Cannon  
  153  12:06  Tempest  
  158  12:08  Photon Cannon  
Show
View Real Time Build Order
Export as new Build Order

HarDDD Protoss - Winner!

Build Orders: Colossus Rush 

Get SALT Encoding   

  12  0:00  Probe  
  13  0:12  Probe  
  14  0:18  Pylon  
  14  0:24  Probe  
  15  0:36  Gateway  
  15  0:39  Probe (Chrono Boost)  
  16  0:49  Probe (Chrono Boost), Assimilator  
  17  0:54  Probe (Chrono Boost)  
  18  1:05  Probe  
  18  1:07  Assimilator  
  19  1:18  Probe  
  20  1:25  Cybernetics Core  
  20  1:47  Nexus  
  20  1:53  Pylon  
  20  1:56  Probe  
  20  2:00  Adept (Chrono Boost)  
  21  2:07  Warp Gate  
  23  2:11  Probe (Chrono Boost)  
  24  2:20  Probe (Chrono Boost)  
  25  2:23  Adept  
  27  2:37  Probe  
  27  2:40  Robotics Facility  
  28  2:47  Shield Battery  
  28  2:49  Probe  
  29  3:01  Probe  
  28  3:14  Probe (Chrono Boost)  
  28  3:15  Probe (Chrono Boost)  
  30  3:25  Probe x2 (Chrono Boost)  
  32  3:28  Observer  
  32  3:30  Probe (Chrono Boost)  
  32  3:31  Probe (Chrono Boost)  
  32  3:32  Gateway  
  35  3:35  Assimilator  
  35  3:40  Probe  
  35  3:41  Probe, Pylon  
  39  3:49  Assimilator  
  39  3:53  Forge  
  39  3:57  Pylon  
  39  3:59  Probe x2  
  41  4:09  Robotics Bay  
  39  4:11  Sentry  
  39  4:16  Immortal  
  45  4:28  Probe  
  45  4:29  Probe  
  45  4:30  Adept  
  38  4:40  Sentry  
  38  4:41  Probe x2  
  37  4:52  Sentry  
  39  4:53  Probe x2  
  41  5:05  Probe x2  
  41  5:06  Colossus (Chrono Boost)  
  49  5:17  Shield Battery  
  49  5:20  Sentry x2  
  55  5:23  Probe x2 (Chrono Boost)  
  55  5:30  Probe (Chrono Boost)  
  55  5:31  Protoss Ground Weapons Level 1 (Chrono Boost)  
  56  5:36  Probe  
  56  5:41  Probe  
  58  5:58  Pylon  
  58  6:16  Colossus  
  58  6:17  Stalker  
  58  6:18  Stalker  
  68  6:27  Probe x2  
  70  6:36  Nexus  
  70  6:38  Pylon  
  70  6:45  Pylon  
  70  6:50  Pylon  
  70  6:56  Probe x2  
  72  7:02  Gateway  
  72  7:04  Twilight Council  
  72  7:05  Sentry  
  72  7:07  Sentry  
  72  7:08  Probe x2  
  78  7:13  Assimilator  
  78  7:19  Photon Cannon  
  78  7:23  Photon Cannon  
  78  7:32  Gateway  
  78  7:34  Probe x2  
  76  7:46  Probe x2  
  70  7:53  Colossus (Chrono Boost), Protoss Ground Weapons Level 2 (Chrono Boost)  
  68  7:59  Probe  
  68  8:00  Probe x2  
  68  8:02  Charge (Chrono Boost)  
  63  8:08  Zealot  
  63  8:10  Zealot x2  
  63  8:12  Probe x2  
  71  8:13  Probe  
  72  8:23  Twilight Council  
  72  8:30  Zealot x3  
  72  8:32  Probe (Chrono Boost)  
  72  8:33  Probe (Chrono Boost)  
  81  8:36  Probe (Chrono Boost)  
  83  8:43  Probe x2 (Chrono Boost)  
  83  8:44  Sentry  
  83  8:46  Probe (Chrono Boost)  
  83  8:47  Probe (Chrono Boost)  
  83  8:48  Probe (Chrono Boost)  
  86  8:50  Observer  
  89  8:55  Probe  
  89  8:56  Pylon  
  89  8:58  Probe  
  89  8:59  Probe  
  89  9:00  Robotics Facility  
  92  9:02  Gateway  
  92  9:04  Gateway  
  92  9:06  Pylon, Zealot  
  94  9:18  Assimilator  
  94  9:22  Blink (Chrono Boost)  
  94  9:28  Templar Archives  
  94  9:32  Stalker x4  
  104  9:41  Gateway  
  104  9:42  Gateway  
  104  9:43  Gateway  
  102  9:47  Pylon  
  102  9:48  Pylon  
  102  9:50  Pylon  
  102  9:56  Pylon  
  102  9:58  Pylon  
  102  10:03  Stalker x3  
  102  10:04  Stalker  
  102  10:07  Zealot  
  112  10:14  Protoss Shields Level 1 (Chrono Boost)  
  112  10:22  Stalker  
  112  10:28  Zealot x4  
  116  10:29  Zealot  
  124  10:36  Zealot  
  124  10:41  Psionic Storm  
  126  10:43  Nexus  
  126  10:46  High Templar x3, Assimilator  
  132  10:50  Pylon  
  132  11:02  Zealot x2  
  132  11:03  High Templar, Zealot  
  140  11:04  High Templar  
  140  11:08  High Templar  
  144  11:17  Probe x2  
  146  11:21  Assimilator  
  146  11:25  High Templar x3, Zealot  
  152  11:26  Zealot x2  
  152  11:28  Probe  
  152  11:29  Probe x2  
  161  11:41  Probe  
  161  11:42  Stalker x3  
  164  11:54  Photon Cannon x2  
  164  11:55  Pylon  
  164  11:56  Stalker  
  164  11:57  Stalker  
  164  11:58  Stargate, Stalker  
  168  12:02  Pylon  
  168  12:08  Stalker x2  
  172  12:20  Forge  
  172  12:26  Colossus  
  148  13:41  Zealot  
Tags
 
Add a new tag
Caveats
  • Supply blocks, unpowered buildings, or Contaminate may cause inaccurate times.
  • Supply counts are checked every 10 seconds.